 Dungeon Crawl Stone Soup version 0.29-a0-334-gb41bcbb86e (webtiles) character file.

Game seed: 15214398140227062453

4291 sammy202020 the Fighter (level 10, -2/77 (85) HPs)
             Began as a Demonspawn Berserker on Apr 16, 2022.
             Was a Priest of Trog.
             Slain by a wight
             ... wielding a +5 short sword of freezing
              (3 damage)
             ... on level 7 of the Dungeon.
             The game lasted 00:09:46 (5170 turns).

sammy202020 the Fighter (Demonspawn Berserker)      Turns: 5170, Time: 00:09:46

HP:   -2/77 (85)    AC: 23    Str: 20    XL:     10   Next: 11%
MP:   0/10          EV:  8    Int: 10    God:    Trog [***...]
Gold: 302           SH:  0    Dex: 13    Spells: 9/9 levels left

rFire   . . .      SeeInvis .   j - +6 war axe
rCold   . . .      Faith    .   (no shield)
rNeg    . . .      Spirit   +   l - +1 chain mail
rPois   .          Reflect  .   m - +2 hat
rElec   .          Harm     .   u - +0 cloak
rCorr   .          Rampage  .   g - +0 pair of gloves
Will    ++...                   i - +0 pair of boots
Stlth   ..........              (no amulet)
HPRegen 3.22/turn               n - +4 ring of protection
MPRegen 0.24/turn               (no ring)

@: strong-willed (expiring), on berserk cooldown, regenerating (expiring),
hasted and slowed, drained
A: thin metallic scales 1, powered by death 2, magic shield, magic regeneration,
weakness stinger 1
a: Renounce Religion, Berserk, Trog's Hand


You were on level 7 of the Dungeon.
You worshipped Trog.
Trog was most pleased with you.
You visited 1 branch of the dungeon, and saw 7 of its levels.

You collected 302 gold pieces.

Inventory:

Hand Weapons
 j - a +6 war axe (weapon)
 o - a +3 hand axe of flaming
 s - the +7 quarterstaff "Xicsis" {vorpal, Fly rC+ Will- Str+3}
   (You found it on level 5 of the Dungeon)

   It inflicts extra damage upon your enemies.
   Str:       It affects your strength (+3).
   rC:        It protects you from cold.
   Fly:       It grants you flight.
   Will:      It decreases your willpower.
Missiles
 e - 20 poisoned darts (quivered)
 t - 4 boomerangs
Armour
 g - a +0 pair of gloves (worn)
 i - a +0 pair of boots (worn)
 l - a +1 chain mail (worn)
 m - a +2 hat (worn)
 u - a +0 cloak (worn)
Jewellery
 n - a +4 ring of protection (left hand)
Wands
 h - a wand of flame (17)
Scrolls
 a - a scroll of enchant armour
 c - a scroll of fear
 q - a scroll of blinking
 w - a scroll of enchant weapon
Potions
 b - 4 potions of lignification
 f - a potion of invisibility
 k - a potion of ambrosia
 r - a potion of brilliance
 v - a potion of attraction


   Skills:
 * Level 9.8 Fighting
 * Level 9.0 Axes
 + Level 6.2 Armour
 - Level 1.7 Dodging


You had 9 spell levels left.
You didn't know any spells.
Your spell library was empty.

Dungeon Overview and Level Annotations

Branches:
Dungeon (7/15)             Temple (0/1) D:6

Altars:
Elyvilon
Hepliaklqana
Xom
Beogh

Shops:
D:4 [

Portals:
Abyss: D:3


Innate Abilities, Weirdness & Mutations

You are partially covered in thin metallic scales. (AC +2)
You regenerate health from kills.
When hurt, damage is shared between your health and your magic reserves.
You regenerate magic rapidly.
You have a small tail.


Message History

The wight hits you with a +0 great sword.
You feel drained.
You barely miss the wight.
The wight is almost destroyed.
You hit the wight but do no damage. You hit the steam dragon.
The wight hits you but does no damage. The steam dragon breathes steam at you.
The ball of steam hits you!
The wight hits you with a +0 great sword!
You feel drained.
The steam dragon bites you but does no damage.
The steam dragon claws you but does no damage.
The wight hits you but does no damage.
The wight hits you with a +5 short sword of freezing.
The wight freezes you.
Your skin crawls.
You feel strong-willed.
You are engulfed in a cloud of scalding steam.
The wight hits you but does no damage.
The steam dragon bites you but does no damage.
The steam dragon claws you but does no damage.
The wight hits you with a +0 great sword.
Okay, then.
You feel yourself speed up.
You feel the effects of Trog's Hand fading.
The wight hits you but does no damage. x2; The steam dragon bites you.
The steam dragon claws you but does no damage.
The wight hits you with a +0 great sword!
* * * LOW HITPOINT WARNING * * *
The wight completely misses you.
The steam dragon bites you but does no damage.
The steam dragon barely misses you.
The wight hits you with a +0 great sword!
* * * LOW HITPOINT WARNING * * *
You feel drained.
* * * LOW HITPOINT WARNING * * *
The wight hits you with a +5 short sword of freezing!
* * * LOW HITPOINT WARNING * * *
You feel drained.
You die... ≈≈≈ ... ## #.# ## .##.##. #.))[.# #.z85≈# #YzDz.#

#@# #### ##§## ##
♣...♣♣.§.♣♣.
♣..♣♣♣.:♣ ♣..♣
♣..♣ ♣..♣♣♣†.♣
♣...♣♣).)♣♣...♣
######...#######
.................


You could see a steam dragon, an ice beast, 3 wights and a white imp.

Vanquished Creatures
  A two-headed ogre (D:7)
  A manticore (D:7)
  A kobold demonologist (D:7)
  The ghost of spaghetti the Magician, an amateur NaCj of Sif Muna (D:5)
  Prince Ribbit (D:5)
  A hornet (D:7)
  Sigmund (D:5)
  An acid dragon (D:7)
  2 sky beasts
  3 black bears
  2 ice beasts
  2 centaurs (D:6)
  2 kobold brigands
  A small abomination (D:3)
  2 necrophages
  The ghost of Manisian the Sneak, an amateur SpIE (D:3)
  A scorpion (D:4)
  2 wights (D:7)
  A howler monkey (D:5)
  A quasit (D:3)
  3 orc priests (D:5)
  3 hounds
  5 jellies
  2 iguanas
  An iron imp (D:3)
  3 orc wizards (D:6)
  9 adders
  7 gnolls
  4 white imps
  4 ufetubi
  21 orcs
  5 bats
  5 endoplasms
  A giant cockroach (D:2)
  4 goblins
  2 hobgoblins
  5 jackals
  A quokka (D:3)
  7 ball pythons
  A frilled lizard (D:2)
  16 kobolds
  3 rats
140 creatures vanquished.

Notes
Turn   | Place    | Note
-------+----------+-------------------------------------------
     0 | D:1      | sammy202020 the Demonspawn Berserker began the quest for
                  | the Orb.
     0 | D:1      | Reached XP level 1. HP: 18/18 MP: 1/1
   456 | D:1      | Gained mutation: You regenerate magic rapidly. [demonic
                  | ancestry]
   456 | D:1      | Reached XP level 2. HP: 23/24 MP: 2/2
   469 | D:1      | Found a faded altar of an unknown god.
   787 | D:2      | Found a shimmering altar of Xom.
   872 | D:2      | Reached XP level 3. HP: 26/29 MP: 3/3
  1326 | D:3      | Gained mutation: When hurt, damage is shared between your
                  | health and your magic reserves. [demonic ancestry]
  1326 | D:3      | Reached XP level 4. HP: 7/37 MP: 4/4
  1335 | D:3      | Reached ** piety under Trog
  1962 | D:3      | Noticed a small abomination
  1969 | D:3      | Noticed Manisian's ghost (amateur SpIE)
  2188 | D:3      | Found a transporter.
  2350 | D:3      | Found a transporter.
  2350 | D:3      | Found a one-way gate to the infinite horrors of the Abyss.
  2510 | D:3      | Killed Manisian's ghost
  2511 | D:3      | Gained mutation: You have a small tail. [demonic ancestry]
  2511 | D:3      | Reached XP level 5. HP: 43/43 MP: 3/5
  2516 | D:3      | Killed a small abomination
  2520 | D:3      | Gained mutation: You regenerate a little health from kills.
                  | [demonic ancestry]
  2520 | D:3      | Reached XP level 6. HP: 50/50 MP: 4/6
  2523 | D:3      | Reached skill level 5 in Fighting
  2860 | D:4      | Found a hazy altar of Hepliaklqana.
  2963 | D:4      | Found Ejunot's Antique Armour Boutique.
  3116 | D:4      | Reached skill level 5 in Axes
  3189 | D:5      | Entered Level 5 of the Dungeon
  3189 | D:5      | Noticed Sigmund
  3189 | D:5      | Noticed Prince Ribbit
  3199 | D:5      | Gained mutation: You are partially covered in thin metallic
                  | scales. (AC +2) [demonic ancestry]
  3199 | D:5      | Reached XP level 7. HP: 52/57 MP: 5/7
  3211 | D:5      | Killed Prince Ribbit
  3221 | D:5      | Killed Sigmund
  3661 | D:5      | Gained mutation: You regenerate health from kills. [demonic
                  | ancestry]
  3661 | D:5      | Reached XP level 8. HP: 60/65 MP: 6/8
  4113 | D:5      | Noticed spaghetti's ghost (amateur NaCj)
  4114 | D:5      | Found a runed translucent gate.
  4114 | D:5      | Found a runed translucent gate.
  4114 | D:5      | Found a runed translucent gate.
  4190 | D:5      | Killed spaghetti's ghost
  4238 | D:5      | Identified the +7 quarterstaff "Xicsis" {vorpal, Fly rC+
                  | Will- Str+3}
  4516 | D:6      | Reached skill level 5 in Armour
  4759 | D:6      | Reached XP level 9. HP: 69/74 MP: 9/9
  4847 | D:6      | Reached *** piety under Trog
  4860 | D:6      | Found a staircase to the Ecumenical Temple.
  5091 | D:7      | Noticed a kobold demonologist
  5105 | D:7      | Killed a kobold demonologist
  5112 | D:7      | Noticed a manticore
  5119 | D:7      | Killed a manticore
  5133 | D:7      | Noticed a two-headed ogre
  5142 | D:7      | Paralysed by a hornet for 3 turns
  5155 | D:7      | Killed a two-headed ogre
  5156 | D:7      | Reached XP level 10. HP: 69/84 MP: 8/10
  5170 | D:7      | HP: 1/79 [wight/+5 short sword of freezing (6)]
  5170 | D:7      | Slain by a wight

Illustrated notes

Levels and vault maps discovered:
D:1:      enne_arrival_octagon_isle, layout_basic,
          hellmonk_ecumenical_altar_dog_temple
D:2:      layout_basic, basic_altar, uniq_crazy_yiuf_cottage
D:3:      layout_loops_ring, gammafunk_ghost_abyssal_escape
D:4:      layout_cave_pools, elyvilon_altar_1, nicolae_hepliaklqana_hippocampus,
          serial_shops, shop
D:5:      layout_rooms, biasface_ghost_orc_armoury, uniq_sigmund,
          uniq_prince_ribbit1
D:6:      layout_loops_cross, minmay_temple_entry_waves
D:7:      nzn_winding_woodlands_small [nzn_winding_woodlands_5x15_zeroes,
          nzn_winding_woodlands_center_pierced_h,
          nzn_winding_woodlands_5x15_pool], layout_basic,
          lemuel_zombie_altar_yredelemnul, nicolae_shop_gadgets

Skill      XL: |  1  2  3  4  5  6  7  8  9 10 |
---------------+-------------------------------+-----
Axes           | 3 4 5 6 7 8 9 |  9.0
Armour         | 2 3 4 5 6 |  6.2
Fighting       | 4 5 6 8 9 |  9.8
Dodging        | |  1.7

Action                   |  1- 3 |  4- 6 |  7- 9 | 10-12 || total
-------------------------+-------+-------+-------+-------++-------
Melee: Hand axe          |    99 |   121 |    78 |       ||   298
       Punch             |       |     3 |     1 |       ||     4
       Tailslap          |       |     7 |    27 |     4 ||    38
       War axe           |       |       |   115 |    12 ||   127
Invok: Berserk           |     1 |     1 |     2 |       ||     4
       Trog's Hand       |       |     1 |     3 |     1 ||     5
  Use: Scroll            |     4 |     7 |     4 |       ||    15
       Potion            |       |       |       |     2 ||     2
Armor: Ring mail         |    36 |       |       |       ||    36
       Animal skin       |     1 |       |       |       ||     1
       Chain mail        |     8 |    97 |   158 |    69 ||   332
Dodge: Dodged            |    69 |    43 |    83 |    28 ||   223

Table legend: (Time is in decaauts)
 A = Elapsed time spent in this place.
 B = Non-inter-level travel time spent in this place.
 C = Inter-level travel time spent in this place.
 D = Time resting spent in this place.
 E = Time spent auto-exploring this place.
 F = Levels seen in this place.
 G = Mean time per level.
                   A        B        C        D        E       F      G
               +--------+--------+--------+--------+--------+-----+--------+
         Total |   5229 |   4980 |    249 |    824 |   3123 |   7 |  747.0 |
       Dungeon |   5229 |   4980 |    249 |    824 |   3123 |   7 |  747.0 |
               +--------+--------+--------+--------+--------+-----+--------+

Top non-repeatable levels by time:
     D:3: 1384 daAuts
     D:5: 1099 daAuts
     D:6: 816 daAuts
     D:1: 742 daAuts
     D:4: 612 daAuts
     D:2: 489 daAuts
     D:7: 86 daAuts
